 Dungeon Crawl Stone Soup version 0.10.4 character file.

1065 MisterOstroum the Changer (level 7, -6/46 HPs)
             Began as a Sludge Elf Stalker on June 11, 2020.
             Was an Initiate of Sif Muna.
             Splashed by acid (8 damage)
             ... on Level 7 of the Dungeon on Nov 29, 2020.
             The game lasted 01:02:28 (8047 turns).

MisterOstroum the Changer (Sludge Elf Stalker)      Turns: 8047, Time: 01:02:28

HP  -6/46        AC  1     Str 10      XL: 7   Next: 94%
MP  13/13        EV 12     Int 16      God: Sif Muna [......]
Gold 242         SH  0     Dex 12 (15) Spells:  3 memorised,  4 levels left

Res.Fire  : . . .   See Invis. : .   u - +0,-4 orc falchion
Res.Cold  : . . .   Warding    : . . w - -1 elf robe
Life Prot.: . . .   Conserve   : .   (no shield)
Res.Acid. : . . .   Res.Corr.  : .   M - +0 helmet
Res.Poison: .       Clarity    : .   c - -2 elf cloak
Res.Elec. : .       Spirit.Shd : .   (no gloves)
Sust.Abil.: . .     Stasis     : .   (no boots)
Res.Mut.  : .       Ctrl.Telep.: .   (no amulet)
Res.Rott. : .       Levitation : .   (no ring)
Saprovore : . . .   Ctrl.Flight: .   (no ring)

@: slightly resistant to hostile enchantments, stealthy
A: no striking features
a: Renounce Religion


You were on level 7 of the Dungeon.
You worshipped Sif Muna.
Sif Muna was pleased with you.
You were near starving.

You visited 2 branches of the dungeon, and saw 8 of its levels.

You collected 250 gold pieces.
You spent 28 gold pieces at shops.

Inventory:

Hand weapons
 a - a +2,+2 elven dagger {=f}
 b - a +1,+1 orcish dagger of venom
 t - a +0,-1 elven dagger
 u - a +0,-4 orcish falchion (weapon)
Missiles
 g - a +0 dart of dispersal (quivered)
 k - 35 +0 stones
 p - 27 +4 sling bullets
 z - a -3 throwing net {!f}
 A - 12 +0 darts
 G - 16 +2 darts
 L - a -2 throwing net {!f}
 N - 10 +0 darts of frost
Armour
 c - a -2 elven cloak (worn)
 w - a -1 elven robe (worn)
 M - a +0 helmet (worn)
Magical devices
 y - a wand of confusion (3)
 D - a wand of random effects (16)
Comestibles
 f - a bread ration
Scrolls
 l - 2 scrolls of enchant weapon II {unknown}
 m - 3 scrolls of recharging
 n - 2 scrolls of magic mapping
 q - 2 scrolls of curse jewellery {unknown}
 r - a scroll of remove curse {unknown}
 s - 2 scrolls of curse armour
 v - 2 scrolls of enchant armour {unknown}
 x - 2 scrolls of teleportation
 C - a scroll of fear {unknown}
 J - 3 scrolls of enchant weapon I
 O - a scroll of curse weapon {unknown}
Potions
 e - 9 potions of confusion
 h - a potion of gain intelligence
 i - 2 potions of poison
 j - 3 potions of curing
 o - 2 potions of heal wounds
 E - a potion of levitation
 H - a potion of strong poison
 I - a potion of degeneration
 K - a potion of might {@q3 !q}
 P - a potion of mutation
 Q - a potion of agility {@q5 !q}
Books
 d - a book of Stalking

   Spells                             Type                      Level
   *Fulsome Distillation              Transmutation/Necromancy     1
   *Evaporate                         Fire/Transmutation           2
   Passwall                           Transmutation/Earth          3
   *Petrify                           Transmutation/Earth          4
   Dig                                Transmutation/Earth          4


   Skills:
 - Level 4.6 Fighting
 - Level 4.8 Short Blades
 - Level 2.4 Dodging
 * Level 3.1 Stealth
 - Level 2.0 Stabbing
 + Level 2.5 Spellcasting
 + Level 5.4 Transmutations
 - Level 2.9 Fire Magic
 + Level 2.5 Earth Magic
 * Level 1.2 Evocations


You had 4 spell levels left.
You knew the following spells:

 Your Spells              Type           Power        Failure   Level  Hunger
a - Fulsome Distillation  Trmt/Necr      N/A          10%         1    Sultana
b - Evaporate             Fire/Trmt      ####...      8%          2    Choko
c - Petrify               Erth/Trmt      ###......    38%         4    Honeycomb

Dungeon Overview and Level Annotations

Branches:
Dungeon (7/27)             Temple (1/1) D:4
    Orc: D:6-11

Altars:
Ashenzari
Cheibriados
Elyvilon
Fedhas
Kikubaaqudgha
Nemelex Xobeh
Sif Muna
The Shining One
Trog
Vehumet
Xom
Yredelemnul
Zin

Shops:
D:6: *

Annotations
D:3 Crazy Yiuf
D:5 exclusion: 2 jellies
D:6 Grinder; Sigmund; murderhobo's ghost, average HEFi


Message History

The jelly is moderately wounded.
Blork the orc is engulfed in noxious fumes.
Blork the orc appears confused.
You hit Blork the orc.
You kill Blork the orc!
Your Evocations skill increases to level 1!
Evoke which item? (* to show all) (? for menu, Esc to quit)
Zapping:
y - a wand of confusion {zapped: 3}
Press: ? - help, Shift-Dir - straight line, f - jelly
Aim: a jelly (noxious fumes, moderately wounded)
The jelly appears confused.
The giant frog is engulfed in noxious fumes.
The giant frog appears confused.
You hear a slurping noise.
Wield which item (- for none, * to show all)? (? for menu, Esc to quit)
Okay, then.
Unknown command.
There are several objects here.
Pick up a glowing orcish hand axe? ((y)es/(n)o/(a)ll/(m)enu/*?g,/q)
u - an orcish falchion You hear a slurping noise.
The jelly jiggles.
The jelly closely misses you.
Wield which item (- for none, * to show all)? (? for menu, Esc to quit)
Your +1,+1 orcish dagger of venom stops dripping with poison.
u - an uncursed orcish falchion (weapon)
The giant frog is engulfed in noxious fumes.
The jelly hits you.
You are splashed with acid!
The acid corrodes your -1 elven cloak!
The acid burns!
You hit the jelly.
The acid corrodes your uncursed orcish falchion!
The jelly is lightly wounded.
The giant frog hits the jelly.
The jelly hits the giant frog.
The giant frog is splashed with acid.
The giant frog writhes in agony as its flesh is eaten away!
Unknown command.
You catch the helpless jelly completely off-guard!
You hit the jelly.
The jelly is moderately wounded.
The jelly hits you.
You are splashed with acid!
The acid burns!
You are starving!
You hit the jelly.
The acid corrodes your uncursed orcish falchion!
The jelly is moderately wounded.
Eat which item? (? for menu, Esc to quit)
Okay, then.
Eat which item? (? for menu, Esc to quit)
You are feeling very hungry.
The giant frog seems less confused.
You continue eating.
You finish eating.
That choko was very bland.
You hit the jelly.
The acid corrodes your uncursed orcish falchion!
The jelly is heavily wounded.
The giant frog is no longer bleeding.
The jelly closely misses the giant frog.
You hit the jelly.
Your uncursed orcish falchion resists.
The jelly is heavily wounded.
The jelly seems less confused.
The jelly closely misses you.
You hit the jelly.
The jelly is severely wounded.
The jelly misses you.
You hit the jelly.
The jelly is severely wounded.
The jelly barely misses you.
You hit the jelly.
The jelly is severely wounded.
The jelly barely misses you. The jelly closely misses you.
You hit the jelly but do no damage.
The acid corrodes your uncursed orcish falchion!
The jelly is severely wounded.
The jelly misses you.
You hit the jelly.
The jelly is almost dead.
The jelly hits you.
You are splashed with acid!
Your -2 elven cloak resists.
The acid corrodes your +0 elven robe!
The acid burns!
You hit the jelly.
The jelly is almost dead.
You are near starving!
The jelly barely misses you.
You hit the jelly but do no damage.
The jelly is almost dead.
The jelly barely misses you.
You hit the jelly but do no damage.
The jelly is almost dead.
The jelly hits you!
* * * LOW HITPOINT WARNING * * *
You are splashed with acid!
The acid burns!
* * * LOW HITPOINT WARNING * * *
Things that are here:
a glowing orcish hand axe; a glowing orcish short sword
Things that are here:
a runed orcish chain mail; an orcish trident You hear a slurping noise.
There is a stone staircase leading up here.
You hear a slurping noise.
The jelly hits you.
* * * LOW HITPOINT WARNING * * *
You are splashed with acid!
The acid burns!
You die...

#....o . #...... #$.
#......# ...P #......#
#P.≈≈≈ #......#
#...≈≈#
#......###F.P≈≈#
#......##.§P≈(≈#
..######.#######..{≈≈#
........@JF.......{;≈#
#.######.#######...J≈#
#.# ...P≈≈≈# #.#
......≈≈≈≈ #.#
.........≈≈ #.#
.######.... #.# #. #..
#.# . ..#


You could see a jelly and a giant frog.

Vanquished Creatures
  A sky beast (D:5)
  An ogre (D:4)
  Blork the orc (D:7)
  A water moccasin skeleton (D:4)
  2 orc priests
  A crimson imp (D:6)
  2 hounds
  An iguana (D:5)
  2 orc wizards
  A quasit (D:6)
  A worker ant (D:5)
  A scorpion (D:4)
  9 adders
  A giant mite (D:2)
  An ooze (D:3)
  26 orcs
  2 giant cockroaches
  10 goblins
  6 hobgoblins
  13 bats
  4 giant newts
  A hobgoblin skeleton (D:6)
  6 jackals
  10 kobolds
  An orc skeleton (D:4)
  9 rats
  A toadstool (D:5)
115 creatures vanquished.

Vanquished Creatures (others)
  A quokka (D:4)
  2 toadstools (D:6)
3 creatures vanquished.

Grand Total: 118 creatures vanquished

Notes
Turn   | Place    | Note
--------------------------------------------------------------
     0 | D:1      | MisterOstroum, the Sludge Elf Stalker, began the quest for the Orb.
     0 | D:1      | Reached XP level 1. HP: 13/13 MP: 1/1
   531 | D:1      | Reached XP level 2. HP: 18/18 MP: 3/3
   610 | D:1      | Learned a level 2 spell: Evaporate
  1375 | D:2      | Reached skill level 3 in Transmutations
  1375 | D:2      | Reached XP level 3. HP: 8/23 MP: 2/4
  2067 | D:2      | Reached XP level 4. HP: 19/29 MP: 6/6
  2652 | D:3      | Found a sparkling altar of Nemelex Xobeh.
  3698 | D:3      | Noticed Crazy Yiuf
  3889 | D:4      | Reached XP level 5. HP: 31/34 MP: 5/8
  4076 | D:4      | Reached skill level 4 in Short Blades
  4181 | D:4      | Reached XP level 6. HP: 34/40 MP: 9/9
  4208 | D:4      | Found a staircase to the Ecumenical Temple.
  4222 | Temple   | Entered the Ecumenical Temple
  4336 | Temple   | Became a worshipper of Sif Muna the Loreminder
  4407 | D:4      | Learned a level 4 spell: Petrify
  4518 | D:4      | Found a white marble altar of Elyvilon.
  4839 | D:5      | Entered Level 5 of the Dungeon
  5334 | D:5      | Reached XP level 7. HP: 21/45 MP: 10/12
  5951 | D:5      | Reached skill level 5 in Transmutations
  6548 | D:6      | Noticed Sigmund
  6584 | D:6      | Noticed Grinder
  6587 | D:6      | Noticed murderhobo's ghost (average HEFi)
  6625 | D:6      | Paralysed by Grinder for 3 turns
  6652 | D:6      | Paralysed by Grinder for 4 turns
  6996 | D:6      | Found Mebas' General Store.
  7001 | D:6      | Bought a scroll of identify for 28 gold pieces
  7769 | D:7      | Noticed Blork the orc
  8022 | D:7      | Killed Blork the orc
  8047 | D:7      | HP: 2/46 [jelly (4)]
  8047 | D:7      | Splashed by acid
